 Dungeon Crawl Stone Soup version 0.28-a0-883-gc8d7bad45d (webtiles) character file.

Game seed: 1043056560673158932

128 ytrimaz the Skirmisher (level 4, -15/37 HPs)
             Began as a Demonspawn Fighter on Nov 22, 2021.
             Blown up by Ijyb (28 damage)
             ... with a mindburst bolt
             ... on level 3 of the Dungeon.
             The game lasted 00:02:08 (2954 turns).

ytrimaz the Skirmisher (Demonspawn Fighter)         Turns: 2954, Time: 00:02:09

Health: -15/37     AC:  8    Str: 18    XL:     4   Next: 87%
Magic:  4/4        EV: 14    Int:  9    God:
Gold:   73         SH:  5    Dex: 12    Spells: 3/3 levels left

rFire   . . .      SeeInvis .   a - +0 rapier
rCold   . . .      Faith    .   c - +1 buckler
rNeg    . . .      Spirit   .   b - +0 scale mail
rPois   .          Reflect  .   (no helmet)
rElec   .          Harm     .   (no cloak)
rCorr   .          Rampage  .   (no gloves)
Will    .....                   (no boots)
Stlth   ..........              (no amulet)
HPRegen 0.12/turn               (no ring)
MPRegen 0.09/turn               (no ring)

@: agile, attractive
A: ignite blood 1, powered by pain 1, sharp scales 1
a: no special abilities


You were on level 3 of the Dungeon.
You visited 1 branch of the dungeon, and saw 3 of its levels.

You collected 73 gold pieces.

Inventory:

Hand Weapons
 a - a +0 rapier (weapon)
Armour
 b - a +0 scale mail (worn)
 c - a +1 buckler (worn)
Jewellery
 e - a +6 ring of intelligence
Potions
 d - a potion of might
 g - 3 potions of haste
 i - a potion of curing {unknown}
 j - a potion of ambrosia {unknown}


   Skills:
 + Level 4.0 Fighting
 - Level 1.7 Short Blades
 + Level 3.8 Armour
 + Level 3.5 Shields


You had 3 spell levels left.
You didn't know any spells.
Your spell library contained the following spells:

 Spells                   Type           Power      Damage    Failure   Level
 Magic Dart               Conj           0%         1d3       78%         1
 Call Imp                 Summ           0%         N/A       89%         2
 Passwall                 Tmut/Erth      0%         N/A       89%         2
 Mephitic Cloud           Conj/Pois/Air  0%         N/A       98%         3
 Swiftness                Air            0%         N/A       98%         3


Dungeon Overview and Level Annotations

Branches:
Dungeon (3/15)

Altars:

Annotations:
D:3 Ijyb


Innate Abilities, Weirdness & Mutations

Your demonic aura sometimes causes spilled blood to erupt in flames.
You sometimes gain a little power by taking damage.
You are partially covered in razor-sharp scales. (AC +1, Slay +1)


Message History

The killer bee zombie hits you but does no damage. x2
You puncture the killer bee zombie!
The killer bee zombie is severely damaged.
The killer bee zombie barely misses you.
The killer bee zombie hits you but does no damage.
You hit the killer bee zombie.
The killer bee zombie is severely damaged.
The killer bee zombie hits you but does no damage.
The killer bee zombie hits you.
You puncture the killer bee zombie!
You destroy the killer bee zombie!
Your Fighting skill increases to level 4!
No target in view!
No target in view!
No target in view!
No target in view!
No target in view!
No target in view!
No target in view!
No target in view!
No target in view!
Ijyb the Twisted Goblin comes into view.
She is wielding a +0 club and carrying a wand of mindburst (14).
Ijyb shouts!
Ijyb is nearby!
Ijyb is nearby!
Ijyb zaps a wand.
Your mind is blasted!
Ouch! That really hurt!
You focus on the pain.
You feel agile all of a sudden.
You are too injured to fight recklessly!
You are too injured to fight recklessly!
You are too injured to fight recklessly!
You are too injured to fight recklessly!
Unknown command.
Unknown command.
It was a potion of attraction.
You feel attractive to monsters.
Ijyb zaps a wand.
Your mind is blasted!
Ouch! That really hurt!
You die...

#.##.###
#.....# #.##.#
#.##### #....#
#.# ###### #.#
#.# #.# #.#
#######.#######
.......@.......
.#####...######
#...○.# ##...##
##.## #g# #.#
#+#


You could see Ijyb.

Vanquished Creatures
  A killer bee zombie (D:3)
  Robin (D:3)
  4 adders
  2 worms (D:2)
  2 bats
  7 endoplasms
  3 giant cockroaches (D:1)
  10 goblins
  6 hobgoblins
  4 quokkas
  3 ball pythons
  4 frilled lizards
  2 kobolds
  5 rats
54 creatures vanquished.

Vanquished Creatures (others)
  A plant (D:1)
1 creature vanquished.

Grand Total: 55 creatures vanquished

Notes
Turn   | Place    | Note
-------+----------+-------------------------------------------
     0 | D:1      | ytrimaz the Demonspawn Fighter began the quest for the Orb.
     0 | D:1      | Reached XP level 1. HP: 18/18 MP: 1/1
   236 | D:1      | Gained mutation: Your demonic aura sometimes causes spilled
                  | blood to erupt in flames. [demonic ancestry]
   236 | D:1      | Reached XP level 2. HP: 24/24 MP: 2/2
   529 | D:1      | Found a faded altar of an unknown god.
  1478 | D:2      | Gained mutation: You are partially covered in razor-sharp
                  | scales. (AC +1, Slay +1) [demonic ancestry]
  1478 | D:2      | Reached XP level 3. HP: 6/29 MP: 3/3
  2222 | D:2      | Gained mutation: You sometimes gain a little power by
                  | taking damage. [demonic ancestry]
  2222 | D:2      | Reached XP level 4. HP: 32/37 MP: 4/4
  2714 | D:3      | Noticed Robin
  2728 | D:3      | Killed Robin
  2937 | D:3      | Reached skill level 4 in Fighting
  2952 | D:3      | Noticed Ijyb
  2954 | D:3      | Blown up by Ijyb

Illustrated notes

Levels and vault maps discovered:
D:1:      mushboom_english_gardens, layout_basic,
          shapermc_ecumenical_altar_mp_urbaneastern, kennysheep_nondescript
D:2:      layout_rooms, kennysheep_generic_room_10
D:3:      layout_loops_corners, uniq_ijyb, uniq_robin, uniq_jessica

Skill      XL: |  1  2  3  4 |
---------------+-------------+-----
Armour         | 3 |  3.8
Shields        | 3 |  3.5
Fighting       | 4 |  4.0
Short Blades   | |  1.7

Action                   |  1- 3 |  4- 6 || total
-------------------------+-------+-------++-------
Melee: Rapier            |   142 |    64 ||   206
  Use: Scroll            |     4 |     2 ||     6
       Potion            |     1 |     1 ||     2
Armor: Scale mail        |    58 |    31 ||    89
Dodge: Dodged            |    77 |    26 ||   103
Block: Buckler           |    42 |    17 ||    59

Table legend: (Time is in decaauts)
 A = Elapsed time spent in this place.
 B = Non-inter-level travel time spent in this place.
 C = Inter-level travel time spent in this place.
 D = Time resting spent in this place.
 E = Time spent auto-exploring this place.
 F = Levels seen in this place.
 G = Mean time per level.
                   A        B        C        D        E       F      G
               +--------+--------+--------+--------+--------+-----+--------+
         Total |   2984 |   2946 |     38 |    696 |   1793 |   3 |  994.7 |
       Dungeon |   2984 |   2946 |     38 |    696 |   1793 |   3 |  994.7 |
               +--------+--------+--------+--------+--------+-----+--------+

Top non-repeatable levels by time:
     D:1: 1895 daAuts
     D:2: 769 daAuts
     D:3: 320 daAuts
